 Dungeon Crawl Stone Soup version 0.30-a0-778-g2ef04afb54 (webtiles) character file.

Game seed: 12027078202391484286

127 AndrolTheGreedy the Grave Robber (level 5, -3/40 HPs)
             Began as a Hill Orc Necromancer on Feb 16, 2023.
             Slain by Natasha (7 damage)
             ... on level 2 of the Dungeon.
             The game lasted 00:06:59 (1596 turns).

AndrolTheGreedy the Grave Robber (HONe)             Turns: 1596, Time: 00:07:00

Health: -3/40      AC:  2    Str: 13    XL:     5   Next: 11%
Magic:  7/7        EV: 12    Int: 15    God:
Gold:   99         SH:  0    Dex: 11    Spells: 2/7 levels left

rFire   . . .      SeeInvis .    d - +0 spear
rCold   . . .      Faith    .    (no shield)
rNeg    . . .      Spirit   .    a - +0 robe
rPois   .          Reflect  .    (no helmet)
rElec   .          Harm     .    (no cloak)
rCorr   .          Rampage  .    (no gloves)
Will    .....                    (no boots)
Stlth   ++                       (no amulet)
HPRegen 0.26/turn                (no ring)
MPRegen 0.10/turn                (no ring)

@: mighty, slowed, very slow
A: no striking features
a: no special abilities


You were on level 2 of the Dungeon.
You visited 1 branch of the dungeon, and saw 2 of its levels.

You collected 99 gold pieces.

Inventory:

Hand Weapons
 d - a +0 spear (weapon)
Armour
 a - a +0 robe (worn)
Wands
 l - a wand of flame (12)
Scrolls
 c - a scroll of vulnerability
 e - a scroll of identify
 h - a scroll of amnesia {unknown}
 i - a scroll of poison {unknown}
 j - a scroll of silence {unknown}
 m - a scroll of teleportation {unknown}
Potions
 b - a potion of magic
 f - a potion of invisibility {unknown}
 g - 3 potions of might
 k - 2 potions of heal wounds {unknown}
 n - a potion of degeneration {unknown}


   Skills:
 + Level 1.0 Fighting
 - Level 3.5 Polearms
 + Level 1.0 Armour
 - Level 1.5 Dodging
 - Level 3.0 Stealth
 - Level 1.5 Spellcasting
 - Level 4.0 Necromancy


You had 2 spell levels left.
You knew the following spells:

 Your Spells              Type           Power      Damage    Failure   Level
a - Necrotise             Necr           52%        1d6       4%          1
b - Beastly Appendage     Tmut           2%         N/A       24%         1
c - Vampiric Draining     Necr           13%        2d6       14%         3

Your spell library contained the following spells:

 Spells                   Type           Power      Damage    Failure   Level
 Wereblood                Tmut           1%         N/A       34%         2
 Animate Dead             Necr           13%        N/A       41%         4
 Spider Form              Tmut/Pois      1%         N/A       56%         3
 Agony                    Necr           13%        N/A       77%         5


Dungeon Overview and Level Annotations

Branches:
Dungeon (2/15)

Altars:

Annotations:
D:2 Natasha


Message History

The crimson imp hits your kobold skeleton.
Your kobold skeleton is destroyed!
Natasha claws you.
Casting: Necrotise (safe; 4% risk of failure)
Confirm with . or Enter, or press ? or * to list all spells.
Aiming: Necrotise (safe; 4% risk of failure)
Press: ? - help, Shift-Dir - straight line, f - Natasha
Aim: Natasha (moderately wounded, chance to affect: 69%) Natasha writhes in agony.
Natasha barely misses you.
The crimson imp attacks as you move away!
The crimson imp hits you but does no damage.
Natasha closely misses you.
The crimson imp picks up a beetle and eats it.
You see here a +0 dagger.
The crimson imp attacks as you move away!
The crimson imp hits you.
The crimson imp attacks as you move away!
The crimson imp hits you.
The crimson imp disappears in a puff of smoke!
Natasha growls.
Natasha wildly gestures.
Natasha's front paws start to glow.
Natasha claws you!
You closely miss Natasha.
Natasha is moderately wounded.
Natasha casts a spell at you. The magic dart hits you!
* * * LOW HITPOINT WARNING * * *
It was a potion of might.
You feel very mighty all of a sudden.
Natasha stares at you and mumbles some strange words.
You feel yourself slow down.
Okay, then.
As you read the scroll labelled MIUHIE HARHOUL, it crumbles to dust.
It is a scroll of identify.
c - a scroll of vulnerability Natasha claws you.
* * * LOW HITPOINT WARNING * * *
Natasha claws you!
You die...

###### #.. .# #########
##.##.#### ..#.....# #.........
..#.....# #..#......
..#.....##############.).......
..'.....'.......@h..)...>.....<
..#.....##############...#....#
..#.....# ##........ ..#.....#
#......#. ..#.....# #..##..#
..#.....# #... ..# .....####
##..# ... ####.# ..# ## ###


You could see Natasha.

Vanquished Creatures
  Natasha (D:2)
  A gnoll (D:1)
  5 adders (D:2)
  4 dart slugs
  A ball python (D:1)
  3 bats (D:1)
  5 endoplasms
  2 goblins (D:2)
  3 hobgoblins
  4 jackals (D:1)
  3 kobolds
  3 quokkas (D:1)
  2 frilled lizards (D:1)
37 creatures vanquished.

Vanquished Creatures (collateral kills)
  A hobgoblin (D:1)
1 creature vanquished.

Grand Total: 38 creatures vanquished

Notes
Turn   | Place    | Note
-------+----------+-------------------------------------------
     0 | D:1      | AndrolTheGreedy the Hill Orc Necromancer began the quest
                  | for the Orb.
     0 | D:1      | Reached XP level 1. HP: 14/14 MP: 3/3
    97 | D:1      | Learned a level 1 spell: Beastly Appendage
   226 | D:1      | Reached XP level 2. HP: 14/20 MP: 0/4
   486 | D:1      | Reached XP level 3. HP: 20/26 MP: 2/5
   621 | D:1      | Reached skill level 1 in Polearms
  1058 | D:2      | Noticed Natasha
  1068 | D:2      | Killed Natasha
  1069 | D:2      | Reached XP level 4. HP: 16/33 MP: 2/6
  1139 | D:2      | Learned a level 3 spell: Vampiric Draining
  1504 | D:2      | Reached XP level 5. HP: 32/39 MP: 2/7
  1507 | D:2      | Reached skill level 1 in Fighting
  1575 | D:2      | Reached skill level 1 in Armour
  1575 | D:2      | Noticed Natasha
  1596 | D:2      | Slain by Natasha

Illustrated notes

Levels and vault maps discovered:
D:1:      lordsloth_arrival_two_stooges, layout_basic
D:2:      layout_basic, uniq_natasha

Skill      XL: |  1  2  3  4  5 |
---------------+----------------+-----
Stealth        | 2 3 |  3.0
Polearms       | 3 |  3.5
Fighting       | 1 |  1.0
Armour         | 1 |  1.0
Dodging        | |  1.5
Spellcasting   | |  1.5
Necromancy     | |  4.0

Action                     |  1- 3 |  4- 6 || total
---------------------------+-------+-------++-------
  Melee: Spear             |    51 |    25 ||    76
         Unarmed           |     2 |       ||     2
   Cast: Necrotise         |    46 |    20 ||    66
    Use: Scroll            |       |     1 ||     1
         Potion            |       |     1 ||     1
   Stab: Sleeping          |     1 |       ||     1
 Armour: Robe              |    10 |     2 ||    12
  Dodge: Dodged            |    37 |    14 ||    51

Table legend: (Time is in decaauts)
 A = Elapsed time spent in this place.
 B = Non-inter-level travel time spent in this place.
 C = Inter-level travel time spent in this place.
 D = Time resting spent in this place.
 E = Time spent auto-exploring this place.
 F = Levels seen in this place.
 G = Mean time per level.
                   A        B        C        D        E       F      G
               +--------+--------+--------+--------+--------+-----+--------+
         Total |   1597 |   1587 |     10 |    363 |    805 |   2 |  798.5 |
       Dungeon |   1597 |   1587 |     10 |    363 |    805 |   2 |  798.5 |
               +--------+--------+--------+--------+--------+-----+--------+

Top non-repeatable levels by time:
     D:1: 908 daAuts
     D:2: 689 daAuts
